Construct Infanterie Kompanie
Construct Panzergrenadier Kompanie
Pak 40 Anti-tank Gun Team
Selects Mechanized Battlegroup
Selects Mobile Repair Stations
Nebelwerfer 42 Rocket Launcher Team
Panzergrenadier Officer Quarters
Selects StuG Assault Group
Construct Luftwaffe Kompanie
Selects Wespe Self-propelled Artillery
Wespe Self-propelled Artillery
Selects Zeroing Artillery Barrage
Zeroing Artillery Barrage
Luftwaffe Officer Quarters
Zeroing Artillery Barrage
Selects Panther Heavy Tank